 Dungeon Crawl Stone Soup version 0.18-a0-1017-gae0b928 (webtiles) character file.

112124 Arkorax the Warrior (level 16, -6/141 HPs)
             Began as a Demonspawn Wanderer on Jan 7, 2016.
             Was the Champion of Qazlal.
             Mangled by a demonic crawler (10 damage)
             ... on level 1 of the Spider Nest.
             The game lasted 00:47:58 (30888 turns).

Arkorax the Warrior (Demonspawn Wanderer)          Turns: 30888, Time: 00:47:59

Health: -6/141     AC: 17    Str: 20    XL:     16   Next: 11%
Magic:  6/27       EV: 15    Int: 15    God:    Qazlal [******]
Gold:   2157       SH: 13    Dex: 19    Spells: 0 memorised, 15 levels left

rFire  + + .     SeeInvis .     o - +1 lajatang (freeze)
rCold  . . .     Gourm    .     a - +3 troll leather armour
rNeg   . . .     Faith    .     (shield currently unavailable)
rPois  +         Spirit   .     C - +2 hat
rElec  .         Dismiss  .     S - +0 cloak "Looll" {rCorr Str+2}
rCorr  +         Reflect  +     (no gloves)
SustAt .         Harm     .     (boots unavailable)
MR     ++...                    t - +5 amulet of reflection
Stlth  +.........               k - +4 ring of dexterity
                                r - ring of protection from magic

@: protected from physical damage, repel missiles, very resistant to hostile
enchantments, very unstealthy
A: claws 1, hooves 3, horns 1, yellow scales 2, clever 1, fire resistance 2,
ignite blood, nightstalker 2, poison resistance, flame cloud immunity
a: Upheaval, Elemental Force, Disaster Area, Renounce Religion


You were on level 1 of the Spider Nest.
You worshipped Qazlal.
Qazlal was exalted by your worship.
You were not hungry.

You visited 6 branches of the dungeon, and saw 28 of its levels.

You collected 2671 gold pieces.
You spent 514 gold pieces at shops.

Inventory:

Hand Weapons
 o - a +1 lajatang of freezing (weapon)
 I - the +8 quarterstaff "Rium" {flame, rN+}
   (You found it on level 2 of the Orcish Mines)

   It has been specially enchanted to burn those struck by it, causing extra
   injury to most foes and up to half again as much damage against particularly
   susceptible opponents.
   It protects you from negative energy.
Missiles
 j - 4 curare-tipped needles
 E - 5 throwing nets (quivered)
Armour
 a - a +3 troll leather armour (worn)
 C - a +2 hat (worn)
 J - a +1 cloak of magic resistance
 S - the +0 cloak "Looll" (worn) {rCorr Str+2}
   (You found it on level 2 of the Orcish Mines)

   It affects your strength (+2).
   It protects you from acid and corrosion.
Jewellery
 k - a +4 ring of dexterity (right claw)
 r - a ring of protection from magic (left claw)
 t - a +5 amulet of reflection (around neck)
Wands
 c - a wand of invisibility (0/9)
 A - a wand of fire (7/15)
 K - a wand of magic darts (23/48)
 Q - a wand of teleportation (4/9)
 T - a wand of paralysis (15/24)
 Y - a wand of disintegration (12/24)
Scrolls
 b - 6 scrolls of teleportation
 n - 5 scrolls of identify
 q - 7 scrolls of magic mapping
 y - 6 scrolls of remove curse
 B - a scroll of recharging
 M - 2 scrolls of fog
Potions
 d - a potion of mutation
 i - 2 potions of magic
 u - a potion of might
 w - 5 potions of brilliance
 D - 2 potions of berserk rage
 F - 2 potions of flight
 H - 3 potions of cancellation
 P - a potion of resistance
Miscellaneous
 l - a sack of spiders
Comestibles
 f - 3 bread rations
 h - 5 beef jerkies
 p - a fruit
 x - 3 slices of pizza
 z - 3 royal jellies
 L - a meat ration


   Skills:
 - Level 17.2 Fighting
   Level 1.0 Short Blades
 - Level 16.4 Staves
 * Level 4.6 Armour
 * Level 4.9 Dodging
 - Level 2.6 Stealth
   Level 1.0 Shields
 * Level 15.2 Invocations


You had 15 spell levels left.
You didn't know any spells.

Dungeon Overview and Level Annotations

Branches:
Dungeon (15/15)            Temple (1/1) D:6            Lair (8/8) D:9
 Shoals (1/4) Lair:5       Spider (1/4) Lair:5        Slime (0/6) Lair:7
    Orc (2/2) D:11            Elf (0/3) Orc:2        Vaults (0/5) D:14
 Depths (0/5) D:15

Altars:
Ashenzari
Cheibriados
Dithmenos
Elyvilon
Fedhas
Gozag
Kikubaaqudgha
Makhleb
Nemelex Xobeh
Okawaru
Pakellas
Qazlal
Ru
Sif Muna
Trog
Vehumet
Xom
Yredelemnul
Zin
The Shining One

Shops:
D:6 *   D:8 }   D:10 (   D:11 }   Orc:2 [!(}   Shoals:1 *


Innate Abilities, Weirdness & Mutations

You have hooves in place of feet.
You are mostly covered in yellow scales (AC +3).
Your flesh is very heat resistant.
Your demonic aura causes spilled blood to erupt in flames.
You are significantly more attuned to the shadows.
You are immune to clouds of flame.
You have sharp fingernails.
You have a pair of small horns on your head.
Your mind is acute. (Int +2)
Your system is resistant to poisons.


Message History

You kick the demonic crawler, but do no damage.
The demonic crawler is heavily wounded.
You hear an angry hiss.
A trapdoor spider comes into view.
You closely miss the demonic crawler.
The demonic crawler is heavily wounded.
You block the demonic crawler's attack. The demonic crawler hits you.
* * * LOW HITPOINT WARNING * * *
You feel more protected from physical attacks.
The demonic crawler barely misses you.
Drink which item? (? for menu, Esc to quit)
Okay, then.
You hit the demonic crawler but do no damage.
You kick the demonic crawler, but do no damage.
You headbutt the demonic crawler!
The demonic crawler is heavily wounded.
The demonic crawler hits you!
* * * LOW HITPOINT WARNING * * *
The demonic crawler barely misses you. The demonic crawler hits you!
You die...

..## #####.#.#
#s......# #..#§....#
#..§§§#.[#
####.#@......
#..#.s>.§..#.
###§.#§.##...# ##
#......s.......
#.##......#s......
.###...#...#.........
.....<†.%...§...^.
....#.....#.s#.#..
.≈. #.#......#..


You could see a demonic crawler, an orb spider and a trapdoor spider.

Vanquished Creatures
  Maud (Lair:6)
  2 orc warlords (Orc:2)
  A ghost moth (Spider:1)
  An emperor scorpion (Spider:1)
  A spark wasp (Spider:1)
  A fire dragon (D:15)
  A merfolk javelineer (Shoals:1)
  Fannar (Orc:1)
  11 hydras
  3 catoblepae (Lair:8)
  Erica (D:9)
  2 dancing weapons (D:14)
  2 centaur warriors (D:15)
  A tengu warrior (D:13)
  5 orc high priests (Orc:2)
  16 death yaks
  3 skeletal warriors
  2 sea snakes (Shoals:1)
  2 unseen horrors (D:12)
  6 hill giants
  A necromancer (D:15)
  A deep elf mage (D:15)
  4 wizards
  7 orc knights (Orc:2)
  16 ugly things
  A manticore (D:12)
  8 orc sorcerers
  An orb spider (Spider:1)
  3 fauns (Shoals:1)
  5 griffons
  A wolf spider (Spider:1)
  4 elephants (Lair:2)
  A cyclops (D:15)
  2 centaur zombies
  6 black mambas
  A gargoyle (D:14)
  12 spiny frogs
  20 komodo dragons
  An efreet (D:15)
  A demonic crawler (Spider:1)
  4 fire drakes
  3 kobold demonologists
  A tengu conjurer (D:13)
  A wind drake (Shoals:1)
  A merfolk (Shoals:1)
  A polar bear (Lair:2)
  11 trolls
  A two-headed ogre (D:11)
  7 slime creatures
  A boulder beetle (Lair:5)
  A snapping turtle (Lair:5)
  7 trapdoor spiders
  2 shadows
  2 tarantellas (Spider:1)
  2 wyverns (D:15)
  24 yaks
  2 basilisks
  A hog (D:8)
  3 hungry ghosts
  A hippogriff (shapeshifter) (D:15)
  7 hippogriffs
  Menkaure (D:6)
  16 wolves
  6 wargs (Orc:2)
  17 water moccasins
  13 porcupines
  Duvessa (D:5)
  38 orc warriors
  A soldier ant (D:14)
  3 phantoms
  2 wasps
  An eye of draining (D:12)
  5 sky beasts
  14 ogres
  A black bear (D:9)
  2 ice beasts
  8 necrophages
  6 centaurs
  8 crocodiles
  6 big kobolds
  23 giant frogs
  A wyvern zombie (D:12)
  3 gnoll sergeants (D:11)
  Dowan (D:5)
  3 wyvern skeletons
  37 killer bees
  14 wights
  3 electric eels (Lair:1)
  A lava snake (D:14)
  8 crimson imps
  5 giant frog zombies
  A quasit (D:8)
  5 centaur skeletons
  5 giant frog skeletons
  19 orc priests
  6 hounds
  7 iguanas
  28 orc wizards
  7 worker ants
  4 sheep
  A killer bee zombie (D:10)
  2 hound zombies
  A hound skeleton (D:10)
  A worker ant zombie (D:10)
  7 gnolls
  67 river rats
  10 adders
  5 shadow imps
  An adder skeleton (D:4)
  2 worms (D:2)
  3 giant geckos
  79 orcs
  A ball python (D:2)
  4 giant cockroaches
  2 goblins (D:1)
  5 hobgoblins
  11 jackals
  4 quokkas
  A ball python zombie (D:5)
  8 bats
  5 giant newts
  24 kobolds
  6 rats
  A bush (Lair:8)
  74 fungi
  23 plants
  A withered plant (D:10)
921 creatures vanquished.

Vanquished Creatures (collateral kills)
  A killer bee (D:8)
1 creature vanquished.

Vanquished Creatures (others)
  An ugly thing (D:15)
  A centaur zombie (D:15)
  A merfolk (Shoals:1)
  A vampire (D:14)
  An orc warrior (Orc:2)
  7 fungi
  9 plants
21 creatures vanquished.

Grand Total: 943 creatures vanquished

Notes
Turn   | Place    | Note
--------------------------------------------------------------
     0 | D:1      | Arkorax the Demonspawn Wanderer began the quest for the Orb.
     0 | D:1      | Arkorax set off with: a +2 quarterstaff, a scroll of teleportation, a +0 shield, a +0 robe, a +0 dagger, a bread ration
     0 | D:1      | Reached XP level 1. HP: 13/13 MP: 1/1
   136 | D:1      | Reached skill level 1 in Fighting
   190 | D:1      | Gained mutation: Your flesh is heat resistant. [demonic ancestry]
   190 | D:1      | Reached XP level 2. HP: 21/21 MP: 2/2
   557 | D:2      | Found a blossoming altar of Fedhas.
   705 | D:2      | Reached XP level 3. HP: 17/27 MP: 3/3
  1279 | D:2      | Gained mutation: You are immune to clouds of flame. [demonic ancestry]
  1279 | D:2      | Reached XP level 4. HP: 31/34 MP: 4/4
  1710 | D:3      | Found a sacrificial altar of Ru.
  1969 | D:3      | Found an opulent altar of Gozag.
  2216 | D:4      | Noticed an orc warrior
  2261 | D:4      | Gained mutation: You are partially covered in yellow scales (AC +2). [demonic ancestry]
  2261 | D:4      | Reached XP level 5. HP: 35/41 MP: 5/5
  2788 | D:4      | Found a shimmering altar of Xom.
  2970 | D:5      | Entered Level 5 of the Dungeon
  2975 | D:5      | Reached skill level 4 in Fighting
  3076 | D:5      | Reached XP level 6. HP: 48/48 MP: 6/6
  3126 | D:5      | Noticed Duvessa
  3126 | D:5      | Noticed Dowan
  3136 | D:5      | Gained mutation: You have a pair of small horns on your head. [potion of mutation]
  3136 | D:5      | Gained mutation: Your system is resistant to poisons. [potion of mutation]
  3136 | D:5      | Gained mutation: Your flesh is very heat resistant. [potion of mutation]
  3150 | D:5      | Killed Duvessa
  3163 | D:5      | Killed Dowan
  3613 | D:6      | Found a shadowy altar of Dithmenos.
  3619 | D:6      | Noticed a shadow
  3625 | D:6      | Reached skill level 5 in Fighting
  3625 | D:6      | Gained mutation: Your demonic aura causes spilled blood to erupt in flames. [demonic ancestry]
  3625 | D:6      | Reached XP level 7. HP: 39/56 MP: 7/7
  3931 | D:6      | Killed a shadow
  3931 | D:6      | Reached skill level 5 in Staves
  4035 | D:6      | Found a staircase to the Ecumenical Temple.
  4046 | Temple   | Entered the Ecumenical Temple
  4139 | Temple   | Became a worshipper of Qazlal Stormbringer
  4222 | D:6      | Found a glowing golden altar of the Shining One.
  4255 | D:6      | Found a white marble altar of Elyvilon.
  4271 | D:6      | Found a shattered altar of Ashenzari.
  4274 | D:6      | Reached skill level 6 in Fighting
  4429 | D:6      | Gained mutation: You have large cloven feet. [demonic ancestry]
  4429 | D:6      | Reached XP level 8. HP: 61/65 MP: 8/8
  4485 | D:6      | Found Painkut's General Store.
  4488 | D:6      | Bought a cursed -2 lajatang for 24 gold pieces
  4960 | D:6      | Found a burning altar of Makhleb.
  4990 | D:6      | Noticed Menkaure
  4999 | D:6      | Killed Menkaure
  5338 | D:7      | Reached skill level 7 in Fighting
  5536 | D:7      | Found a deep blue altar of Sif Muna.
  6005 | D:7      | Reached skill level 8 in Fighting
  6012 | D:7      | Reached * piety under Qazlal
  6360 | D:8      | Reached XP level 9. HP: 74/74 MP: 9/9
  6768 | D:8      | Reached skill level 9 in Fighting
  7231 | D:8      | Reached ** piety under Qazlal
  7284 | D:8      | Noticed a queen bee
  7289 | D:8      | a queen bee changed into a hog
  7545 | D:8      | Reached skill level 10 in Fighting
  7653 | D:8      | Found an oddly glowing altar of Pakellas.
  7746 | D:8      | Found Ywanoran's Gadget Shop.
  7784 | D:8      | Gained mutation: You have hoof-like feet. [demonic ancestry]
  7784 | D:8      | Reached XP level 10. HP: 62/85 MP: 10/10
  8427 | D:9      | Found a snail-covered altar of Cheibriados.
  8427 | D:9      | Found a radiant altar of Vehumet.
  8427 | D:9      | Found an oddly glowing altar of Pakellas.
  8439 | D:9      | Found an iron altar of Okawaru.
  8504 | D:9      | Found a staircase to the Lair.
  8520 | D:9      | Reached skill level 10 in Staves
  8541 | D:9      | Noticed Erica
  8548 | D:9      | Killed Erica
  8548 | D:9      | Reached skill level 11 in Fighting
  8824 | D:10     | Entered Level 10 of the Dungeon
  8879 | D:10     | Found Finis's Antique Weapon Emporium.
  9143 | D:10     | Reached *** piety under Qazlal
  9380 | D:10     | Gained mutation: You are slightly more attuned to the shadows. [demonic ancestry]
  9380 | D:10     | Reached XP level 11. HP: 91/95 MP: 11/11
  9668 | D:11     | Noticed a red ugly thing
  9674 | D:11     | Killed a red ugly thing
  9768 | D:11     | Noticed a hill giant
  9778 | D:11     | Killed a hill giant
  9778 | D:11     | Reached skill level 12 in Fighting
  9836 | D:11     | Found a staircase to the Orcish Mines.
  9855 | D:11     | Reached **** piety under Qazlal
 10199 | D:11     | Found Mamiux's Gadget Shop.
 10204 | D:11     | Noticed a skeletal warrior
 10204 | D:11     | Noticed a skeletal warrior
 10208 | D:11     | Noticed a skeletal warrior
 10537 | Lair:1   | Entered Level 1 of the Lair of Beasts
 10564 | Lair:1   | Noticed a griffon
 10570 | Lair:1   | Killed a griffon
 10744 | Lair:1   | Reached skill level 1 in Invocations
 10834 | Lair:1   | Noticed a seven-headed hydra
 11134 | Lair:1   | Killed a seven-headed hydra
 11460 | Lair:1   | Reached skill level 13 in Fighting
 11838 | Lair:2   | Noticed a six-headed hydra
 11844 | Lair:2   | Killed a six-headed hydra
 11905 | Lair:2   | Gained mutation: You are significantly more attuned to the shadows. [demonic ancestry]
 11905 | Lair:2   | Reached XP level 12. HP: 49/105 MP: 15/15
 12248 | Lair:2   | Reached skill level 5 in Invocations
 12311 | Lair:2   | Noticed a six-headed hydra
 12316 | Lair:2   | Killed a six-headed hydra
 13675 | Lair:3   | Reached ***** piety under Qazlal
 14475 | Lair:3   | Reached skill level 14 in Fighting
 14715 | Lair:4   | Noticed a death yak
 14718 | Lair:4   | Noticed a death yak
 14727 | Lair:3   | Killed a death yak
 15221 | Lair:4   | Noticed a seven-headed hydra
 15232 | Lair:4   | Killed a seven-headed hydra
 15232 | Lair:4   | Reached XP level 13. HP: 92/113 MP: 20/20
 16516 | Lair:5   | Reached skill level 10 in Invocations
 17073 | Lair:5   | Found a hole to the Spider Nest.
 17440 | Lair:5   | Found a staircase to the Shoals.
 18084 | Lair:6   | Found a burning altar of Makhleb.
 18084 | Lair:6   | Noticed Maud
 18098 | Lair:6   | Killed Maud
 18976 | Lair:7   | Reached skill level 15 in Fighting
 19130 | Lair:7   | Found a staircase to the Slime Pits.
 19429 | Lair:8   | Entered Level 8 of the Lair of Beasts
 20316 | Lair:8   | Gained mutation: Your mind is acute. (Int +2) [potion of beneficial mutation]
 20627 | Lair:7   | Gained mutation: You are mostly covered in yellow scales (AC +3). [demonic ancestry]
 20627 | Lair:7   | Reached XP level 14. HP: 24/123 MP: 18/22
 22691 | D:12     | Reached skill level 16 in Fighting
 22718 | D:12     | Reached skill level 15 in Staves
 24586 | D:13     | Found a shimmering altar of Xom.
 25322 | D:14     | Identified 2 scrolls of acquirement
 25803 | D:14     | Found a gate to the Vaults.
 25930 | D:14     | Gained mutation: You have hooves in place of feet. [demonic ancestry]
 25930 | D:14     | Reached XP level 15. HP: 77/132 MP: 24/24
 26439 | D:15     | Entered Level 15 of the Dungeon
 26969 | D:15     | Reached skill level 17 in Fighting
 27003 | D:15     | Found a staircase to the Depths.
 27386 | Orc:1    | Entered Level 1 of the Orcish Mines
 27397 | Orc:1    | Noticed Fannar
 27404 | Orc:1    | Reached ****** piety under Qazlal
 27412 | Orc:1    | Killed Fannar
 27555 | Orc:2    | Entered Level 2 of the Orcish Mines
 27976 | Orc:2    | Reached skill level 1 in Armour
 28141 | Orc:2    | Found Yfriatzi's Armour Boutique.
 28141 | Orc:2    | Found Waev's Gadget Emporium.
 28143 | Orc:2    | Found Siyrhuk's Distillery.
 28143 | Orc:2    | Found Anler's Antique Weapon Emporium.
 28160 | Orc:2    | Bought a potion of beneficial mutation for 490 gold pieces
 28160 | Orc:2    | Gained mutation: You have sharp fingernails. [potion of beneficial mutation]
 28591 | Orc:2    | Found a staircase to the Elven Halls.
 28608 | Orc:2    | Noticed an orc warlord
 28623 | Orc:2    | Killed an orc warlord
 29274 | Orc:2    | Noticed an orc warlord
 29283 | Orc:2    | Killed an orc warlord
 29443 | Orc:2    | Got a bloodstained quarterstaff
 29445 | Orc:2    | Identified the +8 quarterstaff "Rium" {flame, rN+} (You found it on level 2 of the Orcish Mines)
 29724 | Orc:2    | Got a heavily runed cloak
 29735 | Orc:2    | Identified the +0 cloak "Looll" {rCorr Str+2} (You found it on level 2 of the Orcish Mines)
 30054 | Spider:1 | Entered Level 1 of the Spider Nest
 30459 | Shoals:1 | Entered Level 1 of the Shoals
 30558 | Shoals:1 | Found Qoygguoq's General Store.
 30814 | Lair:5   | Reached XP level 16. HP: 141/141 MP: 27/27
 30856 | Spider:1 | Reached skill level 15 in Invocations
 30888 | Spider:1 | HP: 4/141 [demonic crawler (10)]
 30888 | Spider:1 | Mangled by a demonic crawler

Vault maps used:
D:1:      dpeg_arrival_short_road
D:2:      marbit_many_paths, serial_forest, infiniplex_forest_straight_3,
          infiniplex_forest_lined_1, infiniplex_forest_corner_1,
          infiniplex_forest_straight_2, infiniplex_forest_straight_2,
          infiniplex_forest_straight_3, infiniplex_forest_clump_small,
          first_bread
D:3:      nicolae_gozag_cash_rules_everything_around_me, hangedman_ru_absence,
          grunt_decor_clamped
D:4:      xom_teletrap_fun
D:5:      uniq_duvessa
D:6:      lemuel_crystal_altar, nicolae_dithmenos_the_darkroom,
          nicolae_ashenzari_panopticon, kennysheep_mini, elyvilon_altar_5,
          minmay_temple_entry_mist, serial_shops, shop, uniq_menkaure
D:7:      lemuel_crystal_altar, st_stairs_1
D:8:      serial_shops, nicolae_shop_trees, david_nohive_1,
          johnstein_pakellas_dig
D:9:      nicolae_overflow_quartered_altars, minmay_lair_entry_lava, uniq_erica
D:10:     serial_undead, serial_undead_e, serial_undead_e, serial_undead_f,
          serial_undead_a, serial_undead_f, serial_undead_d, serial_undead_c,
          serial_shops, nicolae_shop_window_shopping
D:11:     kennysheep_orc_monster_closet_entryway, serial_shops,
          kennysheep_little_box
D:13:     basic_altar
D:14:     erik_vaults_1, kennysheep_pointless_box
D:15:     grunt_enter_depths_magical_seal, hex_tiny
Temple:   nicolae_temple_hex_pool
Lair:1:   disabler_island, grunt_megastairs_1
Lair:2:   forest_paths
Lair:3:   beast_lair_carwin_4
Lair:4:   beast_lair_carwin_1
Lair:5:   minmay_shoals_entry_hut, spider_nest_entry_a, pond
Lair:6:   basic_altar, uniq_maud
Lair:7:   slime_dummy
Lair:8:   evilmike_catoblepas_cave
Shoals:1: serial_shops, shop, nicolae_shoals_seven_spires, lightli_airlock
Spider:1: spider_trap, hangedman_spider_trapstep
Orc:1:    uniq_fannar
Orc:2:    grunt_orc_tribal_feast, minmay_orc_treasury

Action                   |  1- 3 |  4- 6 |  7- 9 | 10-12 | 13-15 | 16-18 || total
-------------------------+-------+-------+-------+-------+-------+-------++-------
Melee: Quarterstaff      |    96 |   126 |   341 |   588 |    46 |       ||  1197
       Lajatang          |       |       |       |    57 |  1137 |    26 ||  1220
Invok: Upheaval          |       |       |     1 |     5 |    18 |     1 ||    25
       Disaster Area     |       |       |       |       |       |     1 ||     1
Evoke: Wand              |       |       |     3 |     5 |     5 |       ||    13
  Use: Scroll            |     1 |       |     8 |    10 |    27 |       ||    46
       Potion            |       |     7 |     3 |       |    14 |       ||    24
 Stab: Invisible         |       |       |       |       |    20 |       ||    20
  Eat: Bread ration      |     1 |       |     2 |     2 |     7 |       ||    12
       Meat ration       |       |     1 |     1 |       |     3 |       ||     5
       Pizza             |       |       |     2 |       |       |       ||     2
       Beef jerky        |       |       |       |     4 |       |       ||     4
       Royal jelly       |       |       |       |     3 |     2 |       ||     5
       Fruit             |       |       |       |     4 |       |       ||     4
       Chunk             |       |       |       |     2 |     2 |       ||     4
